APP
SEATTLE (APP) MARINERS @ BALTIMORE (APP) ORIOLES
08/03/2048
 
TOP OF THE 1ST
Seattle (APP) Mariners batting - Pitching for Baltimore (APP) Orioles : RHP Bruce Yeager
Pitching: RHP Bruce Yeager
Batting: RHB Chris Van Niel 0-0: Ball
1-0: Called Strike
1-1: Swinging Strike
1-2: Strikes out swinging
Batting: RHB John Vasquez 0-0: Ball
1-0: Called Strike
1-1: Ball
2-1: Ball
3-1: Called Strike
3-2: SOLO HOME RUN (Flyball, 78XD, EV 112.5 MPH), Distance : 438 ft
Batting: RHB Nick Edmunds 0-0: Ground out 5-3 (Groundball, 56, EV 101.9 MPH)
Batting: LHB Chang Huie 0-0: Ball
1-0: Foul Ball, location: 2F
1-1: Ball
2-1: SINGLE (Groundball, 25, EV 64.4 MPH) (infield hit)
Batting: RHB Carlton McDonald 0-0: DOUBLE (Line Drive, 78D, EV 100.6 MPH)
Chang Huie to third
Batting: RHB Joaquin Salazar 0-0: Ball
1-0: Ball
2-0: Ball
3-0: Base on Balls
Batting: RHB Ziven Badersky 0-0: DOUBLE (Line Drive, 9LS, EV 102.5 MPH)
Chang Huie scores
Carlton McDonald scores
Joaquin Salazar to third
Runner from 3rd tries for Home, throw by RF and OUT! 9-4-2
Top of the 1st over - 3 runs, 4 hits, 0 errors, 1 left on base; Seattle (APP) 3 - Baltimore (APP) 0
BOTTOM OF THE 1ST
Baltimore (APP) Orioles batting - Pitching for Seattle (APP) Mariners : RHP Terry Jeffrey
Pitching: RHP Terry Jeffrey
Batting: RHB Ruben Domingues 0-0: Ball
1-0: Ground out 6-3 (Groundball, 56, EV 88.8 MPH)
Batting: LHB Xue-liang Zhou 0-0: Swinging Strike
0-1: Called Strike
0-2: Foul Ball, location: 2F
0-2: Ball
1-2: Strikes out swinging
Batting: LHB Jeremy Nuzzo 0-0: SINGLE (Groundball, 3D, EV 97.5 MPH)
Batting: SHB Eric Kelley 0-0: Called Strike
0-1: Ball
1-1: Foul Ball, location: 2F
1-2: Ball
2-2: SINGLE (Flyball, 89S, EV 93.8 MPH)
Jeremy Nuzzo to second
Runner from 2nd tries for 3rd, SAFE, no throw by RF
Batting: RHB Minoru Matsumoto 0-0: Ball
1-0: Fly out, F7 (Flyball, 78D, EV 94.4 MPH)
Bottom of the 1st over - 0 runs, 2 hits, 0 errors, 2 left on base; Seattle (APP) 3 - Baltimore (APP) 0
TOP OF THE 2ND
Seattle (APP) Mariners batting - Pitching for Baltimore (APP) Orioles : RHP Bruce Yeager
Batting: RHB Rowan Prince 0-0: Called Strike
0-1: Foul Ball, location: 2F
0-2: Ball
1-2: Strikes out swinging
Batting: RHB Josh Carpenter 0-0: Ball
1-0: Ball
2-0: Ball
3-0: Foul Ball, location: 2F
3-1: Called Strike
3-2: Strikes out swinging
Batting: RHB Chris Van Niel 0-0: Ball
1-0: Swinging Strike
1-1: Ball
2-1: SOLO HOME RUN (Flyball, 7D, EV 105.0 MPH), Distance : 393 ft
Batting: RHB John Vasquez 0-0: Ball
1-0: Ground out 5-3 (Groundball, 56, EV 82.5 MPH)
Top of the 2nd over - 1 run, 1 hit, 0 errors, 0 left on base; Seattle (APP) 4 - Baltimore (APP) 0
BOTTOM OF THE 2ND
Baltimore (APP) Orioles batting - Pitching for Seattle (APP) Mariners : RHP Terry Jeffrey
Batting: LHB Edwin Cabral 0-0: Ball
1-0: Foul Ball, location: 2F
1-1: Swinging Strike
1-2: Foul Ball, location: 2F
1-2: Strikes out looking
Batting: RHB Han Caspers 0-0: Hit by Pitch
Batting: LHB Ivan Alvarez 0-0: Called Strike
Han Caspers is caught stealing 2nd base 2-6
0-1: Ball
1-1: Ground out 6-3 (Groundball, 4M, EV 80.0 MPH)
Bottom of the 2nd over - 0 runs, 0 hits, 0 errors, 0 left on base; Seattle (APP) 4 - Baltimore (APP) 0
TOP OF THE 3RD
Seattle (APP) Mariners batting - Pitching for Baltimore (APP) Orioles : RHP Bruce Yeager
Batting: RHB Nick Edmunds 0-0: Called Strike
0-1: Swinging Strike
0-2: Ball
1-2: Strikes out looking
Batting: LHB Chang Huie 0-0: Ball
1-0: Called Strike
1-1: Ball
2-1: Called Strike
2-2: Foul Ball, location: 2F
2-2: Ground out U3 (Groundball, 34, EV 103.1 MPH)
Batting: RHB Carlton McDonald 0-0: Called Strike
0-1: Foul Ball, location: 2F
0-2: Fly out, F8 (Flyball, 78M, EV 86.9 MPH)
Top of the 3rd over - 0 runs, 0 hits, 0 errors, 0 left on base; Seattle (APP) 4 - Baltimore (APP) 0
BOTTOM OF THE 3RD
Baltimore (APP) Orioles batting - Pitching for Seattle (APP) Mariners : RHP Terry Jeffrey
Batting: RHB Imbart van Rens 0-0: Ball
1-0: Ball
2-0: Ball
3-0: Called Strike
3-1: Called Strike
3-2: Strikes out swinging
Batting: RHB Ruben Domingues 0-0: Ball
1-0: Called Strike
1-1: Ball
2-1: Fly out, F8 (Flyball, 89D, EV 105.6 MPH)
Batting: LHB Xue-liang Zhou 0-0: Foul Ball, location: 2F
0-1: Fly out, F9 (Flyball, 9, EV 73.1 MPH)
Bottom of the 3rd over - 0 runs, 0 hits, 0 errors, 0 left on base; Seattle (APP) 4 - Baltimore (APP) 0
TOP OF THE 4TH
Seattle (APP) Mariners batting - Pitching for Baltimore (APP) Orioles : RHP Bruce Yeager
Batting: RHB Joaquin Salazar 0-0: Ball
1-0: Ball
2-0: Reached on error, E5 (Groundball, 5, EV 102.5 MPH)
Batting: RHB Ziven Badersky 0-0: Called Strike
Joaquin Salazar steals 2nd, throwing error, E2
Joaquin Salazar to third
0-1: Foul Ball, location: 2F
0-2: Strikes out swinging
Batting: RHB Rowan Prince 0-0: Foul Ball, location: 2F
0-1: Called Strike
0-2: Foul Ball, location: 2F
0-2: Ball
1-2: Ground out U3 (Groundball, 3L, EV 100.0 MPH)
Batting: RHB Josh Carpenter 0-0: Hit by Pitch
Batting: RHB Chris Van Niel 0-0: Called Strike
0-1: Ball
1-1: Ball
2-1: Called Strike
2-2: Ball
3-2: Base on Balls
Josh Carpenter to second
Batting: RHB John Vasquez 0-0: Called Strike
0-1: Swinging Strike
0-2: Foul Ball, location: 2F
0-2: Strikes out swinging
Top of the 4th over - 0 runs, 0 hits, 2 errors, 3 left on base; Seattle (APP) 4 - Baltimore (APP) 0
BOTTOM OF THE 4TH
Baltimore (APP) Orioles batting - Pitching for Seattle (APP) Mariners : RHP Terry Jeffrey
Batting: LHB Jeremy Nuzzo 0-0: Foul Ball, location: 2F
0-1: Ball
1-1: Ball
2-1: Ball
3-1: Foul Ball, location: 2F
3-2: Foul Ball, location: 2F
3-2: Base on Balls
Batting: SHB Eric Kelley 0-0: Ball
1-0: Called Strike
1-1: Ball
2-1: DOUBLE (Line Drive, 8RXD, EV 96.9 MPH)
Jeremy Nuzzo to third
Batting: RHB Minoru Matsumoto 0-0: Ball
1-0: 3-RUN HOME RUN (Flyball, 9D, EV 96.9 MPH), Distance : 392 ft
Batting: LHB Edwin Cabral 0-0: Called Strike
0-1: Swinging Strike
0-2: Strikes out swinging
Batting: RHB Han Caspers 0-0: Ball
1-0: Foul Ball, location: 2F
1-1: Bunt missed!
1-2: Strikes out swinging
Batting: LHB Ivan Alvarez 0-0: Ball
1-0: Called Strike
1-1: Fly out, F9 (Line Drive, 9, EV 91.2 MPH)
Bottom of the 4th over - 3 runs, 2 hits, 0 errors, 0 left on base; Seattle (APP) 4 - Baltimore (APP) 3
TOP OF THE 5TH
Seattle (APP) Mariners batting - Pitching for Baltimore (APP) Orioles : RHP Bruce Yeager
Batting: RHB Nick Edmunds 0-0: Foul Ball, location: 2F
0-1: Ball
1-1: Foul Ball, location: 2F
1-2: Strikes out swinging
Batting: LHB Chang Huie 0-0: Ball
1-0: Called Strike
1-1: Foul Ball, location: 2F
1-2: Ball
2-2: Fly out, F9 (Flyball, 9, EV 85.0 MPH)
Batting: RHB Carlton McDonald 0-0: Called Strike
0-1: Ball
1-1: Called Strike
1-2: Foul Ball, location: 2F
1-2: Ball
2-2: Foul Ball, location: 2F
2-2: Strikes out looking
Top of the 5th over - 0 runs, 0 hits, 0 errors, 0 left on base; Seattle (APP) 4 - Baltimore (APP) 3
BOTTOM OF THE 5TH
Baltimore (APP) Orioles batting - Pitching for Seattle (APP) Mariners : RHP Terry Jeffrey
Batting: RHB Imbart van Rens 0-0: Ball
1-0: Ground out U3 (Groundball, 34S, EV 69.4 MPH)
Batting: RHB Ruben Domingues 0-0: Called Strike
0-1: Ground out 4-3 (Groundball, 13, EV 82.5 MPH)
Batting: LHB Xue-liang Zhou 0-0: Called Strike
0-1: Foul Ball, location: 2F
0-2: Ball
1-2: SOLO HOME RUN (Flyball, 9D, EV 103.1 MPH), Distance : 397 ft
Batting: LHB Jeremy Nuzzo 0-0: Ball
1-0: Ball
2-0: Ball
3-0: Base on Balls
Batting: SHB Eric Kelley 0-0: Foul Ball, location: 2F
0-1: Ball
1-1: Foul Ball, location: 2F
1-2: Ground out U3 (Groundball, 3, EV 84.4 MPH)
Bottom of the 5th over - 1 run, 1 hit, 0 errors, 1 left on base; Seattle (APP) 4 - Baltimore (APP) 4
TOP OF THE 6TH
Seattle (APP) Mariners batting - Pitching for Baltimore (APP) Orioles : RHP Bruce Yeager
Pitching: RHP Xavier Martin
Batting: RHB Joaquin Salazar 0-0: Ball
1-0: Swinging Strike
1-1: Ball
2-1: Foul Ball, location: 2F
2-2: Foul Ball, location: 2F
2-2: Ball
3-2: Strikes out swinging
Batting: RHB Ziven Badersky 0-0: SINGLE (Groundball, 4MD, EV 101.9 MPH)
Batting: RHB Rowan Prince 0-0: Called Strike
0-1: SINGLE (Groundball, 6MD, EV 108.1 MPH)
Ziven Badersky to second
Batting: RHB Josh Carpenter 0-0: Fielders Choice at 2nd, 5-4 (Groundball, 56, EV 86.9 MPH)
Ziven Badersky to third
Batting: RHB Chris Van Niel 0-0: Ground out 4-3 (Groundball, 4, EV 80.0 MPH)
Top of the 6th over - 0 runs, 2 hits, 0 errors, 2 left on base; Seattle (APP) 4 - Baltimore (APP) 4
BOTTOM OF THE 6TH
Baltimore (APP) Orioles batting - Pitching for Seattle (APP) Mariners : RHP Terry Jeffrey
Batting: RHB Minoru Matsumoto 0-0: Called Strike
0-1: Ball
1-1: Ground out U3 (Groundball, 13, EV 81.9 MPH)
Batting: LHB Edwin Cabral 0-0: Called Strike
0-1: Ball
1-1: Ball
2-1: Called Strike
2-2: Ball
3-2: Foul Ball, location: 2F
3-2: Base on Balls
Pitching: RHP Domingo Maldonado
Batting: RHB Han Caspers 0-0: Called Strike
0-1: Called Strike
0-2: Ball
1-2: Grounds into double play, 6-4-3 (Groundball, 6, EV 99.4 MPH)
Bottom of the 6th over - 0 runs, 0 hits, 0 errors, 0 left on base; Seattle (APP) 4 - Baltimore (APP) 4
TOP OF THE 7TH
Seattle (APP) Mariners batting - Pitching for Baltimore (APP) Orioles : RHP Xavier Martin
Batting: RHB John Vasquez 0-0: Called Strike
0-1: Called Strike
0-2: Strikes out swinging
Batting: RHB Nick Edmunds 0-0: Called Strike
0-1: Foul Ball, location: 2F
0-2: Foul Ball, location: 2F
0-2: Ball
1-2: Ground out 5-3 (Groundball, 5, EV 106.2 MPH)
Batting: LHB Chang Huie 0-0: Foul Ball, location: 2F
0-1: Ball
1-1: Fly out, F8 (Flyball, 8RXD, EV 106.9 MPH)
Top of the 7th over - 0 runs, 0 hits, 0 errors, 0 left on base; Seattle (APP) 4 - Baltimore (APP) 4
BOTTOM OF THE 7TH
Baltimore (APP) Orioles batting - Pitching for Seattle (APP) Mariners : RHP Domingo Maldonado
Batting: LHB Ivan Alvarez 0-0: Called Strike
0-1: Swinging Strike
0-2: Ball
1-2: Ball
2-2: Foul Ball, location: 2F
2-2: Ground out U3 (Groundball, 34, EV 100.0 MPH)
Batting: RHB Imbart van Rens 0-0: Swinging Strike
0-1: Ball
1-1: Called Strike
1-2: Strikes out swinging
Batting: RHB Ruben Domingues 0-0: Ground out U3 (Groundball, 34, EV 103.1 MPH)
Bottom of the 7th over - 0 runs, 0 hits, 0 errors, 0 left on base; Seattle (APP) 4 - Baltimore (APP) 4
TOP OF THE 8TH
Seattle (APP) Mariners batting - Pitching for Baltimore (APP) Orioles : RHP Xavier Martin
Batting: RHB Carlton McDonald 0-0: Called Strike
0-1: Ball
1-1: Ball
2-1: Foul Ball, location: 2F
2-2: Strikes out swinging
Batting: RHB Joaquin Salazar 0-0: Called Strike
0-1: Called Strike
0-2: Strikes out looking
Pinch Hitting: SHB Carlos Luna 0-0: Ball
1-0: Ball
2-0: Foul Ball, location: 2F
2-1: Foul Ball, location: 2F
2-2: SOLO HOME RUN (Flyball, 9D, EV 99.4 MPH), Distance : 378 ft
Batting: RHB Rowan Prince 0-0: Foul Ball, location: 2F
0-1: Called Strike
0-2: Ball
1-2: Ball
2-2: Foul Ball, location: 2F
2-2: Ball
3-2: Strikes out swinging
Top of the 8th over - 1 run, 1 hit, 0 errors, 0 left on base; Seattle (APP) 5 - Baltimore (APP) 4
BOTTOM OF THE 8TH
Baltimore (APP) Orioles batting - Pitching for Seattle (APP) Mariners : RHP Domingo Maldonado
Now at C: Carlos Luna
Now at 1B: Rowan Prince
Now at 2B: Chris Van Niel
Now at SS: Yoshihisa Kobayashi
Batting: LHB Xue-liang Zhou 0-0: Foul Ball, location: 2F
0-1: Ball
1-1: Foul Ball, location: 2F
1-2: Ball
2-2: Ball
3-2: Strikes out looking
Pitching: RHP Victor Ocampo
Batting: LHB Jeremy Nuzzo 0-0: Ball
1-0: Ball
2-0: Called Strike
2-1: Ground out 4-3 (Groundball, 34D, EV 91.2 MPH)
Batting: SHB Eric Kelley 0-0: Ball
1-0: Ball
2-0: Ball
3-0: Base on Balls
Batting: RHB Minoru Matsumoto 0-0: Ball
1-0: Called Strike
1-1: Ball
Wild Pitch!
Eric Kelley to second
2-1: Fly out, F8 (Line Drive, 78D, EV 90.6 MPH)
Bottom of the 8th over - 0 runs, 0 hits, 0 errors, 1 left on base; Seattle (APP) 5 - Baltimore (APP) 4
TOP OF THE 9TH
Seattle (APP) Mariners batting - Pitching for Baltimore (APP) Orioles : RHP Xavier Martin
Pitching: RHP Rod Najera
Batting: LHB Yoshihisa Kobayashi 0-0: Called Strike
0-1: Ball
1-1: Foul Ball, location: 2F
1-2: Ball
2-2: Foul Ball, location: 2F
2-2: Foul Ball, location: 2F
2-2: Ground out U3 (Groundball, 3, EV 103.8 MPH)
Batting: RHB Chris Van Niel 0-0: Called Strike
0-1: Called Strike
0-2: Ball
1-2: Ball
2-2: Foul Ball, location: 2F
2-2: Ground out 6-3 (Groundball, 6, EV 109.4 MPH)
Batting: RHB John Vasquez 0-0: Foul Ball, location: 2F
0-1: Ball
1-1: Foul Ball, location: 2F
1-2: Ball
2-2: Ball
3-2: SINGLE (Groundball, 4MD, EV 95.6 MPH)
Batting: RHB Nick Edmunds 0-0: Fielders Choice at 2nd, 6-4 (Groundball, 6, EV 77.5 MPH)
Top of the 9th over - 0 runs, 1 hit, 0 errors, 1 left on base; Seattle (APP) 5 - Baltimore (APP) 4
BOTTOM OF THE 9TH
Baltimore (APP) Orioles batting - Pitching for Seattle (APP) Mariners : RHP Victor Ocampo
Pitching: RHP Ruben Mendoza
Batting: LHB Edwin Cabral 0-0: Fly out, F9 (Flyball, 89M, EV 89.4 MPH)
Pinch Hitting: RHB Juan Eyrich 0-0: Called Strike
0-1: Ball
1-1: Called Strike
1-2: Fly out, F8 (Flyball, 8LM, EV 90.0 MPH)
Pinch Hitting: LHB Chris Cohen 0-0: Ball
1-0: Foul Ball, location: 2F
1-1: Swinging Strike
1-2: Foul Ball, location: 2F
1-2: Strikes out swinging
Bottom of the 9th over - 0 runs, 0 hits, 0 errors, 0 left on base; Seattle (APP) 5 - Baltimore (APP) 4
Tuesday, March 28th , 2023 - OOTP Baseball 23.10 Build 110